 Dungeon Crawl Stone Soup version 0.28.0-62-gf88900778d (webtiles) character file.

Game seed: 5840228766989294543

366 cbfl8 the Chopper (level 6, -1/52 HPs)
             Began as a Hill Orc Fighter on May 1, 2023.
             Was a Follower of Beogh.
             Slain by Sigmund the killer bee (5 damage)
             ... on level 4 of the Dungeon.
             The game lasted 00:04:22 (4629 turns).

cbfl8 the Chopper (Hill Orc Fighter)                Turns: 4629, Time: 00:04:22

Health: -1/52      AC: 11    Str: 19    XL:     6   Next: 68%
Magic:  8/8        EV:  8    Int:  8    God:    Beogh [*.....]
Gold:   117        SH:  8    Dex: 12    Spells: 5/5 levels left

rFire   . . .      SeeInvis .   a - +0 war axe
rCold   . . .      Faith    .   j - +0 kite shield
rNeg    . . .      Spirit   .   b - +0 scale mail
rPois   .          Reflect  .   (no helmet)
rElec   .          Harm     .   l - +0 cloak
rCorr   .          Rampage  .   s - +0 pair of gloves
Will    .....                   (no boots)
Stlth   ..........              q - amulet of regeneration
HPRegen 0.97/turn               (no ring)
MPRegen 0.11/turn               (no ring)

@: lethally poisoned (-1 -> -2), attractive, flying
A: iridescent scales 1, MP-powered wands
a: Renounce Religion


You were on level 4 of the Dungeon.
You worshipped Beogh.
Beogh was aware of your devotion.
You visited 1 branch of the dungeon, and saw 4 of its levels.

You collected 117 gold pieces.

Inventory:

Hand Weapons
 a - a +0 war axe (weapon)
Armour
 b - a +0 scale mail (worn)
 j - a +0 kite shield (worn)
 l - a +0 cloak (worn)
 s - a +0 pair of gloves (worn)
Jewellery
 q - an amulet of regeneration (around neck)
Wands
 t - a wand of polymorph (9) (quivered)
Scrolls
 c - a scroll of fear {unknown}
 e - a scroll of immolation {unknown}
 f - a scroll of blinking {unknown}
 h - 2 scrolls of identify {unknown}
 i - a scroll of enchant armour {unknown}
 m - a scroll of vulnerability {unknown}
 n - a scroll of teleportation {unknown}
 r - a scroll of holy word {unknown}
Potions
 p - a potion of brilliance {unknown}


   Skills:
 + Level 4.3 Fighting
 + Level 5.0 Axes
 + Level 4.3 Armour
 + Level 0.5 Dodging
 + Level 0.2 Stealth
 + Level 4.0 Shields
 * Level 3.3 Invocations
 * Level 2.6 Evocations


You had 5 spell levels left.
You didn't know any spells.
Your spell library contained the following spells:

 Spells                   Type           Power      Damage    Failure   Level
 Cause Fear               Hex            0%         N/A       100%        4
 Dragon Form              Tmut           0%         N/A       100%        7
 Dragon's Call            Summ           0%         N/A       100%        9


Dungeon Overview and Level Annotations

Branches:
Dungeon (4/15)
 Temple: D:4-7

Altars:
Gozag
Qazlal
Yredelemnul

Annotations:
D:3 1 runed translucent door, Crazy Yiuf
D:4 Sigmund


Innate Abilities, Weirdness & Mutations

You are partially covered in iridescent scales. (AC +2)
You expend magic power (3 MP) to strengthen your wands.


Message History

You block Sigmund's attack.
You closely miss Sigmund.
Sigmund is severely wounded.
You feel sick. Sigmund stings you!
* * * LOW HITPOINT WARNING * * *
You are more poisoned.
Sigmund poisons you! Sigmund stings you.
* * * LOW HITPOINT WARNING * * *
You are lethally poisoned!
Sigmund poisons you! Sigmund barely misses you.
It was a potion of curing.
You feel better. Sigmund stings you but does no damage.
You block Sigmund's attack.
You feel better. Sigmund stings you.
You are poisoned.
Sigmund poisons you! Sigmund stings you.
You miss Sigmund.
Sigmund is severely wounded.
You feel very sick.
You block Sigmund's attack. x2; Sigmund stings you but does no damage.
You completely miss Sigmund.
Sigmund is severely wounded.
You feel sick. Sigmund stings you!
* * * LOW HITPOINT WARNING * * *
Sigmund stings you.
* * * LOW HITPOINT WARNING * * *
Sigmund stings you but does no damage.
It was a potion of mutation.
You feel extremely strange.
Iridescent scales grow over part of your body.
You feel your magical essence link to the dungeon's wands.
You feel sick. Sigmund stings you but does no damage.
You block Sigmund's attack.
It was a potion of attraction.
You feel attractive to monsters.
You feel sick. Sigmund stings you but does no damage.
Sigmund barely misses you.
It was a potion of flight.
You feel very buoyant.
You fly up into the air.
You feel sick. Sigmund closely misses you. Sigmund stings you.
You die...

#........#...#......#....#...
#......).#...#......#....#...
#........#####...........#...
#....................#####...
#................###.### #...
#..............)##.....###...
#...............#.8...8.##...
#########....y..#.......##...
#...@......._........
#########.......#....
#.8...8.#.... ##.....##.###
###.###..# #.....## #######


You could see Sigmund the killer bee.

Vanquished Creatures
  A kobold brigand (D:4)
  An orc priest (D:4)
  An iguana (D:4)
  3 orc wizards
  A howler monkey skeleton (D:4)
  6 adders
  A gnoll (D:4)
  A worm (D:2)
  A dart slug (D:4)
  13 orcs
  2 ball pythons
  6 bats
  An endoplasm (D:1)
  6 giant cockroaches
  2 goblins
  7 hobgoblins
  2 jackals (D:3)
  19 kobolds
  A quokka (D:1)
  3 frilled lizards
  4 rats
82 creatures vanquished.

Vanquished Creatures (others)
  An orc wizard (D:3)
  An orc (D:3)
  A kobold (D:3)
3 creatures vanquished.

Grand Total: 85 creatures vanquished

Notes
Turn   | Place    | Note
-------+----------+-------------------------------------------
     0 | D:1      | cbfl8 the Hill Orc Fighter began the quest for the Orb.
     0 | D:1      | Reached XP level 1. HP: 19/19 MP: 1/1
   302 | D:1      | Reached XP level 2. HP: 22/27 MP: 2/2
   438 | D:1      | Found a faded altar of an unknown god.
   543 | D:1      | Reached skill level 3 in Axes
  1176 | D:2      | Reached XP level 3. HP: 33/33 MP: 3/3
  1560 | D:2      | Reached skill level 1 in Evocations
  1686 | D:2      | Reached skill level 1 in Invocations
  1789 | D:2      | Reached XP level 4. HP: 40/40 MP: 4/4
  2239 | D:3      | Became a worshipper of Beogh the Brigand
  2812 | D:3      | Found a basalt altar of Yredelemnul.
  2854 | D:3      | Reached XP level 5. HP: 20/46 MP: 6/6
  3117 | D:3      | Found a runed translucent door.
  3118 | D:3      | Noticed Crazy Yiuf
  3594 | D:4      | Reached skill level 4 in Axes
  3789 | D:4      | Noticed a kobold brigand
  3800 | D:4      | Killed a kobold brigand
  3801 | D:4      | Reached XP level 6. HP: 52/52 MP: 6/8
  4020 | D:4      | Found an opulent altar of Gozag.
  4371 | D:4      | Found a stormy altar of Qazlal.
  4433 | D:4      | Noticed Sigmund
  4442 | D:4      | Reached * piety under Beogh
  4443 | D:4      | Reached skill level 5 in Axes
  4614 | D:4      | Noticed Sigmund
  4627 | D:4      | Gained mutation: You are partially covered in iridescent
                  | scales. (AC +2) [potion of mutation]
  4627 | D:4      | Gained mutation: You expend magic power (3 MP) to
                  | strengthen your wands. [potion of mutation]
  4629 | D:4      | Slain by Sigmund the killer bee

Illustrated notes

Levels and vault maps discovered:
D:1:      mrwooster_arrival_statue, layout_loops_ring,
          dreamdust_ecumenical_altar_statues
D:2:      layout_loops_corners
D:3:      layout_rooms, yredelemnul_altar_generic, chequers_jeans,
          uniq_crazy_yiuf_cottage
D:4:      minmay_goblin_kobold_castle, layout_gridville, grunt_gozag_statues,
          nicolae_qazlal_scattered_showers, uniq_sigmund

Skill      XL: |  1  2  3  4  5  6 |
---------------+-------------------+-----
Axes           | 3 4 5 |  5.0
Evocations     | 1 2 |  2.6
Invocations    | 1 2 3 |  3.3
Fighting       | 4 |  4.3
Armour         | 4 |  4.3
Shields        | 4 |  4.0
Dodging        | |  0.5
Stealth        | |  0.2

Action                   |  1- 3 |  4- 6 || total
-------------------------+-------+-------++-------
Melee: War axe           |   108 |   161 ||   269
Invok: Convert to Beogh  |       |     1 ||     1
Evoke: Wand              |       |     1 ||     1
  Use: Potion            |       |     6 ||     6
Armor: Scale mail        |    58 |   117 ||   175
Dodge: Dodged            |    42 |    47 ||    89
Block: Buckler           |    18 |       ||    18
       Kite shield       |    11 |    97 ||   108
